 Dungeon Crawl Stone Soup version 0.31-a0-210-gccc998df9b (webtiles) character file.

Game seed: 6608759774123232976

23 gelatine the Firebug (level 2, -3/20 HPs)
             Began as a Demonspawn Fire Elementalist on June 29, 2023.
             Slain by a black bear (6 damage)
             ... on level 2 of the Dungeon.
             The game lasted 00:01:51 (834 turns).

gelatine the Firebug (Demonspawn Fire Elementalist)  Turns: 834, Time: 00:01:52

Health: -3/20      AC:  4    Str:  8    XL:     2   Next: 75%
Magic:  0/5        EV: 12    Int: 16    God:
Gold:   42         SH:  0    Dex: 13    Spells: 2/5 levels left

rFire   . . .        c - +0 rapier
rCold   . . .        (no shield)
rNeg    . . .        a - +0 robe
rPois   .            (no helmet)
rElec   .            (no cloak)
rCorr   .            (no gloves)
SInv    .            (no boots)
Will    .....        (no amulet)
Stlth   ++           (no ring)
HPRegen 0.23/turn    (no ring)
MPRegen 0.09/turn

%: no passive effects
@: no status effects
A: icy blue scales 1
a: no special abilities


You were on level 2 of the Dungeon.
You visited 1 branch of the dungeon, and saw 2 of its levels.

You collected 42 gold pieces.

Inventory:

Hand Weapons
 c - a +0 rapier (weapon)
Armour
 a - a +0 robe (worn)
Scrolls
 d - a scroll of revelation {unknown}
Potions
 b - a potion of magic


   Skills:
 * Level 0.6 Fighting
 * Level 0.1 Short Blades
 * Level 1.9 Dodging
 + Level 1.8 Stealth
 * Level 2.1 Spellcasting
 * Level 1.5 Conjurations
 * Level 3.0 Fire Magic


You had 2 spell levels left.
You knew the following spells:

 Your Spells              Type           Power      Damage    Failure   Level
a - Foxfire               Conj/Fire      36%        2x1d5     8%          1
b - Scorch                Fire           22%        2d6       9%          2

Your spell library contained the following spells:

 Spells                   Type           Power      Damage    Failure   Level
 Inner Flame              Hex/Fire       6%         N/A       32%         3
 Volatile Blastmotes      Fire/Tloc      12%        2d11      32%         3
 Flame Wave               Conj/Fire      9%         2d6       61%         4


Dungeon Overview and Level Annotations

Branches:
Dungeon (2/15)

Altars:


Innate Abilities, Weirdness & Mutations

You are partially covered in icy blue scales. (AC +2)


Message History

You hit the hobgoblin.
You kill the hobgoblin!
The foxfire hits the black bear.
The black bear is lightly wounded.
Casting: Foxfire (safe; 8% risk of failure)
Confirm with . or Enter, or press ? or * to list all spells.
Flames lash the black bear.
The black bear is lightly wounded.
The black bear's fire resistance burns away.
The black bear barely misses you. x3
Casting: Scorch (safe; 9% risk of failure)
Confirm with . or Enter, or press ? or * to list all spells.
You conjure some foxfire!
The black bear closely misses you. The black bear misses you.
The black bear claws you.
You hit the black bear.
The black bear is moderately wounded.
The foxfire hits the black bear.
The black bear is burned terribly!
The black bear is heavily wounded.
The foxfire hits the black bear.
The black bear is burned terribly!
The black bear is heavily wounded.
The black bear bites you. The black bear claws you. x2
Casting: Foxfire (safe; 8% risk of failure)
Confirm with . or Enter, or press ? or * to list all spells.
You conjure some foxfire!
The black bear is no longer more vulnerable to fire.
The black bear misses you. The black bear claws you. x2
You hit the black bear.
The black bear is severely wounded.
The foxfire hits the black bear but does no damage.
The black bear is severely wounded.
The foxfire hits the black bear.
The black bear is severely wounded.
The black bear goes berserk!
You barely miss the black bear.
The black bear is severely wounded.
The bat hits you but does no damage. The black bear closely misses you.
The black bear claws you. x2
* * * LOW HITPOINT WARNING * * *
The black bear bites you.
You die...

...............
#.$............
#.......!......
#...g.g....h...
#.# #g######
#....#.###
####h#...#
#...@#.#.#
######ยง#.#.#
#......b.#.#
...##...#...#
#...#.#.###
......#...#
...<..#####
###.. #..


You could see a black bear (berserk) and a bat.

Vanquished Creatures
  3 dart slugs (D:1)
  An endoplasm (D:1)
  3 hobgoblins
  A quokka (D:1)
  3 ball pythons (D:1)
  A bat (D:1)
  5 frilled lizards (D:1)
  A kobold (D:1)
  2 rats
20 creatures vanquished.

Vanquished Creatures (others)
  62 foxfires
62 creatures vanquished.

Grand Total: 82 creatures vanquished

Notes
Turn   | Place    | Note
-------+----------+-------------------------------------------
     0 | D:1      | gelatine the Demonspawn Fire Elementalist began the quest
                  | for the Orb.
     0 | D:1      | Reached XP level 1. HP: 13/13 MP: 3/3
   274 | D:1      | Gained mutation: You are partially covered in icy blue
                  | scales. (AC +2) [demonic ancestry]
   274 | D:1      | Reached XP level 2. HP: 19/20 MP: 1/5
   331 | D:1      | Reached skill level 3 in Fire Magic
   557 | D:1      | Learned a level 2 spell: Scorch
   819 | D:2      | Noticed a black bear
   834 | D:2      | Slain by a black bear

Illustrated notes

Levels and vault maps discovered:
D:1:      dpeg_arrival_more_subterranean_lakeside_camping, layout_rooms
D:2:      layout_basic, uniq_robin

Skill      XL: |  1  2 |
---------------+-------+-----
Fire Magic     | 3 |  3.0
Fighting       | |  0.6
Short Blades   | |  0.1
Dodging        | |  1.9
Stealth        | |  1.8
Spellcasting   | |  2.1
Conjurations   | |  1.5

Action                     || total
---------------------------++-------
  Melee: Rapier            ||    11
   Cast: Foxfire           ||    37
         Scorch            ||     1
 Armour: Robe              ||     2
  Dodge: Dodged            ||     7

Table legend: (Time is in decaauts)
 A = Elapsed time spent in this place.
 B = Non-inter-level travel time spent in this place.
 C = Inter-level travel time spent in this place.
 D = Time resting spent in this place.
 E = Time spent auto-exploring this place.
 F = Levels seen in this place.
 G = Mean time per level.
                   A        B        C        D        E       F      G
               +--------+--------+--------+--------+--------+-----+--------+
         Total |    835 |    830 |      5 |      0 |    665 |   2 |  417.5 |
       Dungeon |    835 |    830 |      5 |      0 |    665 |   2 |  417.5 |
               +--------+--------+--------+--------+--------+-----+--------+

Top non-repeatable levels by time:
     D:1: 784 daAuts
     D:2: 50 daAuts
